 Dungeon Crawl Stone Soup version 0.23.1-37-gaa34b87 (webtiles) character file.

Game seed: 15234852448834254675

252 doot the Sneak (level 5, 0/21 HPs)
             Began as a Felid Enchanter on Mar 25, 2019.
             Was an Initiate of Nemelex Xobeh.
             Succumbed to a worker ant's poison
             ... on level 3 of the Dungeon.
             The game lasted 00:07:08 (3572 turns).

doot the Sneak (Felid Enchanter)                    Turns: 3572, Time: 00:07:09

Health: 0/21       AC:  1    Str:  4    XL:     5   Next: 89%
Magic:  3/9        EV: 19    Int: 17    God:    Nemelex Xobeh [......]
Gold:   201        SH:  0    Dex: 17    Spells: 3/9 levels left
                                        Lives:  0   Deaths: 1

rFire    . . .     SeeInvis +     - Unarmed
rCold    . . .     Gourm    .   (shield unavailable)
rNeg     . . .     Faith    .   (armour unavailable)
rPois    .         Spirit   .   (helmet unavailable)
rElec    .         Reflect  .   (cloak unavailable)
rCorr    .         Harm     .   (gloves unavailable)
MR       .....                  (boots unavailable)
Stlth    +++.......             (no amulet)
HPRegen  0.07/turn              (no ring)
MPRegen  0.11/turn              (no ring)

@: lethally poisoned (0 -> -8), flying, quick
A: very small, no armour, no weapons or thrown items, stealth, claws 1, fangs 3,
see invisible, carnivore, speed 1, shaggy fur 1, slow metabolism 1, sharp paws
a: Draw Escape, Draw Destruction, Draw Summoning, Renounce Religion


You were on level 3 of the Dungeon.
You worshipped Nemelex Xobeh.
Nemelex Xobeh was noncommittal.
You were very full.

You visited 2 branches of the dungeon, and saw 5 of its levels.

You collected 201 gold pieces.

Inventory:

Scrolls
 a - a scroll of teleportation {unknown}
 c - a scroll of remove curse
 e - a scroll of random uselessness {unknown}
 h - a scroll of amnesia {unknown}
 k - a scroll of enchant weapon {unknown}
 l - 3 scrolls of identify
 m - a scroll of magic mapping {unknown}
Potions
 d - 2 potions of haste
 f - 2 potions of might
Comestibles
 b - 6 rations


   Skills:
 + Level 0.5 Fighting
 + Level 3.6 Dodging
 + Level 5.9 Stealth
 + Level 3.7 Unarmed Combat
 + Level 2.5 Spellcasting
 + Level 5.8 Hexes
 + Level 1.0 Ice Magic


You had 3 spell levels left.
You knew the following spells:

 Your Spells              Type           Power        Failure   Level  Hunger
a - Corona                Hex            ###....      1%          1    #......
b - Ensorcelled Hibernat  Hex/Ice        ##....       7%          2    ##.....
c - Confuse               Hex            ###.....     4%          3    ###....

Your spell library contained the following spells:

 Spells                   Type           Power        Failure   Level  Hunger
 Tukima's Dance           Hex            ###.....     4%          3    ###....
 Dazzling Spray           Conj/Hex       ##....       17%         3    ###....


Dungeon Overview and Level Annotations

Branches:
Dungeon (4/15)             Temple (1/1) D:4

Altars:
Ashenzari
Cheibriados
Dithmenos
Elyvilon
Fedhas
Gozag
Hepliaklqana
Kikubaaqudgha
Makhleb
Nemelex Xobeh
Okawaru
Qazlal
Ru
Sif Muna
Trog
Uskayaw
Vehumet
Wu Jian
Xom
Yredelemnul
The Shining One


Innate Abilities, Weirdness & Mutations

You cannot wear armour.
You are incapable of wielding weapons or throwing items.
Your paws allow you to move quietly. (Stealth)
You have sharp claws.
You have razor-sharp teeth.
You have supernaturally acute eyesight. (SInv)
You are carnivorous and can eat meat at any time.
You cover ground quickly.
You are covered in fur. (AC +1)
You have a slow metabolism.
Your sharp claws are effective at attacking unaware monsters.


Message History

You feel sick.
* * * LOW HITPOINT WARNING * * *
You feel sick.
* * * LOW HITPOINT WARNING * * *
You feel sick.
* * * LOW HITPOINT WARNING * * *
You feel sick.
There is a stone staircase leading up here.
Okay, then.
You fly upwards.
* * * LOW HITPOINT WARNING * * *
You feel sick.
There is a stone staircase leading down here.
There is a lethal amount of poison in your body!
There is a lethal amount of poison in your body!
There is a lethal amount of poison in your body!
There is a lethal amount of poison in your body!
Your magical contamination has completely faded away.
You die...
Your body disappears without a glow.

#######............#
#........#.........#
#.##..##.#..)......#####
#.##...............#....
#.##..#.#.....######....
#.###.#.....#.### #....
#.###.#.....#...# #....
#.....#.....###.####....
####...@...........'....
#.##.#..#########....
#....................
###....†#.##.########
#####.#.##...#
#.....####.####
#....####.....#
#....##<......#
#....####.....#


There were no monsters in sight!

Vanquished Creatures
  A howler monkey (D:4)
  3 orc priests (D:3)
  An iguana (D:3)
  Terence (D:2)
  Natasha (thrice) (D:2)
  Robin (D:3)
  2 adders
  An ooze (D:2)
  2 leopard geckos (D:3)
  2 orcs (D:3)
  3 bats (D:1)
  3 giant cockroaches
  4 goblins
  10 hobgoblins
  4 jackals
  2 frilled lizards
  7 kobolds
  A rat (D:1)
51 creatures vanquished.

Notes
Turn   | Place    | Note
-------+----------+-------------------------------------------
     0 | D:1      | doot the Felid Enchanter began the quest for the Orb.
     0 | D:1      | Reached XP level 1. HP: 7/7 MP: 4/4
   465 | D:1      | Reached XP level 2. HP: 11/11 MP: 6/6
   469 | D:1      | Learned a level 2 spell: Ensorcelled Hibernation
   580 | D:2      | Noticed Terence
   586 | D:2      | Killed Terence
   586 | D:2      | Reached skill level 5 in Hexes
   586 | D:2      | Reached XP level 3. HP: 13/14 MP: 4/7
   809 | D:2      | Learned a level 3 spell: Confuse
  1283 | D:2      | Noticed Natasha
  1292 | D:2      | Killed Natasha
  1292 | D:2      | Reached skill level 5 in Stealth
  1292 | D:2      | Reached XP level 4. HP: 4/18 MP: 1/8
  1394 | D:2      | Noticed Natasha
  1654 | D:2      | Killed Natasha
  1742 | D:2      | Noticed Natasha
  1749 | D:2      | Killed Natasha
  2050 | D:3      | Reached XP level 5. HP: 18/21 MP: 4/9
  2061 | D:3      | Found a faded altar of an unknown god.
  2163 | D:3      | Noticed Robin
  2185 | D:3      | HP: 1/21 [Robin/+0 whip (6)]
  2187 | D:3      | Killed Robin
  2187 | D:3      | Slain by a hobgoblin
  2188 | D:3      | Reached XP level 4. HP: -2/18 MP: 7/8
  2475 | D:3      | Reached XP level 5. HP: 12/21 MP: 2/9
  3156 | D:4      | Reached skill level 1 in Ice Magic
  3240 | D:4      | Found a staircase to the Ecumenical Temple.
  3252 | Temple   | Entered the Ecumenical Temple
  3514 | Temple   | Became a worshipper of Nemelex Xobeh the Trickster
  3570 | D:3      | HP: 1/21 [poisoned by a worker ant]
  3572 | D:3      | Succumbed to a worker ant's poison

Skill      XL: |  1  2  3  4  5 |
---------------+----------------+-----
Hexes          | 5 |  5.8
Dodging        | 3 |  3.6
Unarmed Combat | 2 3 |  3.7
Stealth        | 5 |  5.9
Ice Magic      | 1 |  1.0
Fighting       | |  0.5
Spellcasting   | |  2.5

Action                   |  1- 3 |  4- 6 || total
-------------------------+-------+-------++-------
Melee: Unarmed           |    73 |   111 ||   184
       Bite              |     7 |     9 ||    16
       Punch             |     1 |     1 ||     2
 Cast: Ensorcelled Hiber |     4 |    27 ||    31
  Use: Scroll            |       |     4 ||     4
       Potion            |       |     3 ||     3
 Stab: Sleeping          |     8 |    13 ||    21
       Distracted        |       |     2 ||     2
  Eat: Chunk             |     7 |    11 ||    18
Armor: Skin              |     6 |     4 ||    10
Dodge: Dodged            |    57 |    87 ||   144
